Map: Terrasses de Prion

Players

zidar - Winner!

  • Race: Zerg Zerg
  • League: Silver
  • Spawn Location: 5:00

Thomas

  • Race: Terran Terran
  • League: Gold
  • Spawn Location: 11:00

VOD

Have the link to the VOD?

Description

Time

  • Played on: Nov. 22, 2015, 10:22 a.m.
  • Length: 9:32
Show
View Real Time Build Order
Export as new Build Order

zidar Zerg - Winner!

Build Orders: Hatch First 

Get SALT Encoding   

  12  0:02  Drone  
  13  0:12  Overlord  
  13  0:17  Drone  
  14  0:30  Drone x2  
  14  0:34  Drone  
  17  0:55  Hatchery  
  17  0:56  Drone  
  17  1:03  Drone  
  18  1:18  Spawning Pool  
  17  1:20  Drone  
  17  1:23  Extractor  
  17  1:24  Drone  
  18  1:37  Overlord  
  18  1:39  Drone  
  19  1:51  Drone  
  20  2:06  Queen  
  22  2:08  Drone  
  22  2:09  Drone  
  23  2:20  Baneling Nest  
  23  2:21  Queen  
  24  2:24  Drone x3  
  27  2:33  Extractor  
  26  2:49  Overlord x2  
  26  3:06  Metabolic Boost  
  26  3:10  Zergling x10  
  31  3:39  Zergling x2  
  31  3:40  Zergling x18  
  41  4:15  Zergling x6  
  41  4:41  Zergling x6  
  41  4:44  Baneling  
  41  4:45  Baneling x6  
  44  4:48  Lair  
  36  5:17  Zergling x2  
  36  5:18  Zergling x12  
  43  5:22  Baneling x2  
  43  5:23  Baneling  
  33  5:51  Zergling x12  
  33  5:52  Zergling x2  
  40  6:08  Spire  
  40  6:10  Roach Warren  
  38  6:15  Overseer  
  29  6:39  Zergling x24  
  36  6:55  Overseer  
  36  6:59  Roach x4  
  44  7:04  Overlord x2  
  44  7:24  Ravager x3  
  44  7:29  Ravager  
  48  7:32  Roach  
  48  7:33  Roach x3  
  56  7:46  Glial Reconstitution  
  56  8:13  Ravager  
  56  8:14  Ravager x2  
  59  8:20  Zergling x2  
  59  8:21  Overlord  
  59  8:22  Overlord x2  
  47  9:13  Zergling x4  
  47  9:14  Zergling x26  
Show
View Real Time Build Order
Export as new Build Order

Thomas Terran 

Build Orders:  

Get SALT Encoding   

  12  0:01  SCV  
  13  0:13  SCV  
  14  0:21  Supply Depot  
  14  0:25  SCV  
  15  0:42  SCV  
  16  0:45  Barracks  
  16  0:54  SCV  
  16  0:56  Barracks  
  17  1:05  Refinery  
  17  1:06  SCV  
  18  1:19  SCV  
  19  1:25  Barracks  
  19  1:31  SCV  
  20  1:34  Marine  
  20  1:38  Refinery  
  21  1:43  SCV  
  21  1:44  Marine  
  23  1:55  Supply Depot  
  23  1:59  Orbital Command  
  23  2:12  Factory  
  23  2:17  Marine  
  24  2:24  Barracks Reactor  
  24  2:27  SCV  
  25  2:50  Barracks Tech Lab  
  25  2:52  Barracks Tech Lab  
  25  2:53  Command Center  
  25  2:56  SCV  
  26  2:58  Factory Reactor  
  26  3:09  Marine x2  
  28  3:15  Marauder, Supply Depot  
  28  3:17  SCV  
  31  3:30  Stimpack  
  31  3:35  Supply Depot  
  31  3:36  Marauder  
  35  3:47  Widow Mine  
  35  3:48  SCV  
  36  3:59  Supply Depot x2  
  36  4:00  Combat Shield  
  36  4:15  Marine  
  36  4:16  Marauder  
  43  4:18  Marine  
  43  4:20  Widow Mine x2  
  44  4:27  SCV  
  44  4:28  Engineering Bay  
  40  4:38  Marine x2, Marauder  
  38  4:47  Bunker  
  38  4:49  Marine  
  29  5:14  Marine x3, Marauder  
  34  5:32  Marine x3  
  37  5:35  Marine  
  37  5:41  Widow Mine  
  23  5:50  Marine, SCV  
  23  5:51  Marauder  
  27  6:06  Marauder  
  29  6:12  Marauder  
  29  6:14  SCV  
  32  6:20  SCV  
  33  6:27  SCV  
  34  6:39  SCV  
  33  6:42  Marine, Marauder  
  36  6:49  Hellion  
  36  6:53  SCV  
  39  6:57  SCV  
  40  7:05  SCV  
  40  7:07  Marauder  
  43  7:13  Marauder  
  45  7:17  Marine  
  45  7:18  Marine  
  47  7:27  Orbital Command  
  47  7:33  SCV  
  47  7:36  Terran Infantry Weapons Level 1  
  50  7:46  Widow Mine  
  50  7:56  Marine x3, Marauder  
  57  8:04  SCV  
  58  8:06  Widow Mine  
  58  8:08  SCV  
  51  8:47  Marine  
  47  8:59  Marauder  
  47  9:00  Marine x2  
  41  9:05  Marine  
  27  9:14  SCV  
Tags
 
Add a new tag
Caveats
  • Supply blocks, unpowered buildings, or Contaminate may cause inaccurate times.
  • Supply counts are checked every 10 seconds.